 Dungeon Crawl Stone Soup version 0.22.1-2-g9c5b331 (webtiles) character file.

167 Goblin1989 the Covert (level 5, -1/34 HPs)
             Began as an Octopode Assassin on Dec 26, 2018.
             Slain by a sky beast (6 damage)
             ... on level 2 of the Dungeon.
             The game lasted 00:02:24 (1274 turns).

Goblin1989 the Covert (Octopode Assassin)           Turns: 1274, Time: 00:02:25

Health: -1/34      AC:  1    Str: 10    XL:     5   Next: 48%
Magic:  5/5        EV: 13    Int: 14    God:
Gold:   87         SH:  0    Dex: 14    Spells: 4/4 levels left

rFire    . . .     SeeInvis .   b - +0 dagger (protect)
rCold    . . .     Gourm    .   (no shield)
rNeg     . . .     Faith    .   (helmet restricted)
rPois    .         Spirit   .   (no amulet)
rElec    .         Reflect  .   (no ring)
rCorr    .         Harm     .   (no ring)
MR       .....                  (no ring)
Stlth    +++++.....             (no ring)
HPRegen  0.11/turn              (no ring)
MPRegen  0.09/turn              (no ring)
                                (no ring)
                                (no ring)

@: no status effects
A: almost no armour, stealthy swim, amphibious, 8 rings, constrict 8, camouflage
1, gelatinous body 1
a: no special abilities


You were on level 2 of the Dungeon.
You were not hungry.

You visited 1 branch of the dungeon, and saw 2 of its levels.

You collected 87 gold pieces.

Inventory:

Hand Weapons
 a - a +2 dagger
 b - a +0 dagger of protection (weapon)
 w - a +0 blowgun {@w1}
Missiles
 c - 8 poisoned needles
 d - 2 curare-tipped needles
 E - 32 arrows
Scrolls
 y - a scroll of teleportation {unknown}
 z - a scroll of fear {unknown}
 A - a scroll of enchant weapon {unknown}
 B - a scroll of enchant armour {unknown}
 D - a scroll of identify {unknown}
 G - a scroll of magic mapping {unknown}
 H - 2 scrolls of remove curse {unknown}
Potions
 v - 4 potions of heal wounds {unknown}
 C - a potion of berserk rage {unknown}
 I - a potion of brilliance {unknown}
 K - a potion of mutation {unknown}
Comestibles
 e - 7 rations


   Skills:
 - Level 2.0 Fighting
 - Level 2.0 Short Blades
 - Level 2.0 Throwing
 - Level 1.0 Dodging
 + Level 9.2 Stealth


You had 4 spell levels left.
You didn't know any spells.
Your spell library was empty.

Dungeon Overview and Level Annotations

Branches:
Dungeon (2/15)

Altars:


Innate Abilities, Weirdness & Mutations

You cannot wear most types of armour.
You are very stealthy in the water. (Stealth+)
You are amphibious.
You can wear up to eight rings at the same time.
You can use your tentacles to constrict eight enemies at once.
Your skin changes colour to match your surroundings (Stealth+).
Your rubbery body absorbs attacks. (AC +1, EV +1)


Message History

No target in view!
No target in view!
No target in view!
No target in view!
No target in view!
No target in view!
No target in view!
No target in view!
No target in view!
You feel sick.
You feel sick.
You feel sick.
You feel sick.
You feel sick.
You feel sick.
You feel sick.
You are no longer poisoned.
Some of the chunks of flesh in your inventory have rotted away.
All of the chunks of flesh in your inventory have rotted away.
Key pressed, stopping explore.
HP restored.
A sky beast comes into view.
Health restored: 34 A sky beast is nearby!
A sky beast is nearby!
A sky beast is nearby!
You closely miss the sky beast. The sky beast closely misses you.
You hit the sky beast but do no damage.
Your weapon exudes an aura of protection.
The sky beast flickers out of sight!
Deactivating autopickup; reactivate with Ctrl-A.
Something hits you but does no damage.
No target in view!
No target in view!
No target in view!
No target in view!
No target in view!
No target in view!
No target in view!
No target in view!
No target in view!
No target in view!
No target in view!
No target in view!
No target in view!
No target in view!
No target in view!
No target in view!
No target in view!
No target in view!
No target in view!
No target in view!
No target in view!
No target in view!
No target in view!
No target in view!
No target in view!
A sky beast appears from thin air!
Reactivating autopickup.
You hit the sky beast.
Your weapon exudes an aura of protection.
The sky beast is lightly wounded.
The sky beast hits you. The sky beast shocks you.
You take 7 damage, and have 27/34 hp.
MASSIVE DAMAGE!!
You hit the sky beast. Your squeeze misses the sky beast.
The sky beast is moderately wounded.
You hit the sky beast but do no damage.
The sky beast is moderately wounded.
The sky beast flickers out of sight!
Deactivating autopickup; reactivate with Ctrl-A.
Something hits you. Something shocks you.
You take 7 damage, and have 21/34 hp.
MASSIVE DAMAGE!!
You miss something.
A sky beast appears from thin air!
Reactivating autopickup.
The sky beast barely misses you.
You hit the sky beast but do no damage.
The sky beast is moderately wounded.
The sky beast barely misses you.
You hit the sky beast. Your squeeze misses the sky beast.
The sky beast is moderately wounded.
The sky beast flickers out of sight!
Deactivating autopickup; reactivate with Ctrl-A.
Something hits you but does no damage.
You hit something. You squeeze something! Something hits you.
Something shocks you.
* * * LOW HITPOINT WARNING * * *
You take 8 damage, and have 13/34 hp.
MASSIVE DAMAGE!!
You miss something. Something hits you but does no damage.
You barely miss something. Something hits you.
* * * LOW HITPOINT WARNING * * *
Something shocks you.
* * * LOW HITPOINT WARNING * * *
You take 6 damage, and have 7/34 hp.
You barely miss something. Something hits you but does no damage.
A sky beast appears from thin air!
Reactivating autopickup.
The sky beast hits you.
* * * LOW HITPOINT WARNING * * *
The sky beast shocks you.
You die...

█.....█ █.....█ █..?..█
█.....█ █.....█ █.....█
███.███ ..
███.████████████.██ .
........@Y........█
███.████████████..██
█.████████████...█
............÷.█.██ .██
.██████████....███████..█████
...
.............................
.██
██████.███.)..████.███..████
.. █.█ █....████.████.████ ..
█.█ ███████............


You could see a sky beast.

Vanquished Creatures
  An ice beast (D:2)
  4 adders (D:2)
  2 oozes (D:2)
  A dart slug (D:1)
  A ball python (D:1)
  3 giant cockroaches
  3 goblins (D:1)
  3 hobgoblins
  3 jackals (D:2)
  2 quokkas (D:2)
  2 bats (D:1)
  A frilled lizard (D:1)
  4 kobolds
  3 rats
33 creatures vanquished.

Vanquished Creatures (others)
  5 toadstools (D:1)
5 creatures vanquished.

Grand Total: 38 creatures vanquished

Notes
Turn   | Place    | Note
-------+----------+-------------------------------------------
     0 | D:1      | Goblin1989 the Octopode Assassin began the quest for the
                  | Orb.
     0 | D:1      | Reached XP level 1. HP: 14/14 MP: 1/1
   318 | D:1      | Reached XP level 2. HP: 19/19 MP: 2/2
   397 | D:1      | Reached skill level 6 in Stealth
   846 | D:2      | Reached XP level 3. HP: 24/24 MP: 3/3
   851 | D:2      | Reached skill level 7 in Stealth
   943 | D:2      | Reached XP level 4. HP: 29/29 MP: 4/4
  1103 | D:2      | Noticed an ice beast
  1106 | D:2      | Killed an ice beast
  1106 | D:2      | Reached skill level 9 in Stealth
  1106 | D:2      | Reached XP level 5. HP: 34/34 MP: 5/5
  1246 | D:2      | Noticed a sky beast
  1274 | D:2      | Slain by a sky beast

Skill      XL: |  1  2  3  4 |
---------------+-------------+-----
Stealth        | 6 7 9 |  9.2
Fighting       | |  2.0
Short Blades   | |  2.0
Throwing       | |  2.0
Dodging        | |  1.0

Action                   |  1- 3 |  4- 6 || total
-------------------------+-------+-------++-------
Melee: Dagger            |    55 |    25 ||    80
       Tentacles         |    14 |     3 ||    17
       Constrict         |     8 |     1 ||     9
 Stab: Sleeping          |     9 |     7 ||    16
  Eat: Chunk             |       |     1 ||     1
Armor: Skin              |    10 |     5 ||    15
Dodge: Dodged            |    38 |     5 ||    43

Vault maps used:
D:1:      ldierk_walled_garden
D:2:      minmay_fountain_box, minmay_misc_feat_columns, st_stairs_6,
          uniq_terence
